 Dungeon Crawl Stone Soup version 0.28.0-53-g5a82cb258f (webtiles) character file.

Game seed: 1771237528704032790

21 ILmort the Chopper (level 2, -6/26 HPs)
             Began as a Hill Orc Fighter on Aug 15, 2022.
             Mangled by Terence
             ... wielding a +0 mace
              (7 damage)
             ... on level 1 of the Dungeon.
             The game lasted 00:01:58 (571 turns).

ILmort the Chopper (Hill Orc Fighter)                Turns: 571, Time: 00:01:59

Health: -6/26      AC: 11    Str: 18    XL:     2   Next: 87%
Magic:  2/2        EV:  5    Int:  8    God:
Gold:   99         SH:  4    Dex: 10    Spells: 1/1 levels left

rFire   . . .      SeeInvis .   a - +0 war axe
rCold   . . .      Faith    .   c - +0 buckler
rNeg    . . .      Spirit   .   f - +0 plate armour
rPois   +          Reflect  .   (no helmet)
rElec   .          Harm     .   (no cloak)
rCorr   .          Rampage  .   (no gloves)
Will    .....                   (no boots)
Stlth   ..........              (no amulet)
HPRegen 0.08/turn               e - ring of poison resistance
MPRegen 0.08/turn               (no ring)

@: no status effects
A: no striking features
a: no special abilities


You were on level 1 of the Dungeon.
You visited 1 branch of the dungeon, and saw 2 of its levels.

You collected 99 gold pieces.

Inventory:

Hand Weapons
 a - a +0 war axe (weapon)
Armour
 c - a +0 buckler (worn)
 f - a +0 plate armour (worn)
Jewellery
 e - a ring of poison resistance (left hand)
Scrolls
 g - a scroll of teleportation {unknown}
Potions
 b - a potion of berserk rage {unknown}
 d - a potion of might
 h - a potion of magic {unknown}


   Skills:
 - Level 3.6 Fighting
 + Level 4.4 Axes
 - Level 3.2 Armour
 - Level 3.2 Shields


You had one spell level left.
You didn't know any spells.
Your spell library contained the following spells:

 Spells                   Type           Power      Damage    Failure   Level
 Freeze                   Ice            0%         1d3       100%        1
 Sublimation of Blood     Necr           0%         N/A       100%        2
 Frozen Ramparts          Ice            0%         1d2       100%        3
 Hailstorm                Conj/Ice       0%         3d3       100%        4
 Petrify                  Tmut/Erth      0%         N/A       100%        4
 Irradiate                Conj/Tmut      0%         3d14      100%        5


Dungeon Overview and Level Annotations

Branches:
Dungeon (2/15)

Altars:

Annotations:
D:1 Terence


Message History

You hit Terence but do no damage. You barely miss the orc.
You closely miss the goblin. The goblin completely misses you.
Terence hits you but does no damage. You block the orc's attack.
You hit Terence but do no damage. You closely miss the orc.
You closely miss the goblin. The goblin hits you with a +0 club.
Terence hits you with a +0 mace. The orc hits you but does no damage.
There are monsters nearby!
You hit Terence. You hit the orc. You slash the goblin!
You kill the goblin!
Terence closely misses you. The orc barely misses you.
Terence hits you with a +0 mace! The orc hits you with a +0 war axe.
You see here 9 gold pieces.
The adder bites you.
There is a stone staircase leading up here.
You block the adder's attack. Terence hits you but does no damage.
The orc barely misses you.
You climb upwards.
There is a stone staircase leading down here.
You hit Terence. You miss the adder. You closely miss the orc.
The adder bites you but does no damage. Terence hits you with a +0 mace.
* * * LOW HITPOINT WARNING * * *
The orc closely misses you. The adder bites you but does no damage.
You barely miss the adder. You hit the orc but do no damage. You hit Terence.
The adder bites you but does no damage. Terence hits you with a +0 mace.
* * * LOW HITPOINT WARNING * * *
The orc hits you with a +0 war axe.
* * * LOW HITPOINT WARNING * * *
The adder bites you but does no damage.
You closely miss the adder. You hit Terence but do no damage.
You slash the orc!
You kill the orc!
Terence barely misses you. The adder bites you but does no damage.
Terence barely misses you.
You barely miss Terence. You miss the adder.
The adder bites you but does no damage. Terence hits you with a +0 mace.
* * * LOW HITPOINT WARNING * * *
The adder bites you but does no damage.
You barely miss the adder. You hit Terence but do no damage.
The adder bites you but does no damage. Terence hits you with a +0 mace!
You die...

#..........#.....#
#.#.......#
#................#
#.#.......#
#......###....#..#
#.#.......# #......#
#....#..###.#.......#
#......#
#....#......#########
########
#.)..#..#####
#....#..# #....#)S#
#....#@@# #########


You could see Terence and an adder.

Vanquished Creatures
  A dart slug (D:1)
  An orc (D:1)
  A ball python (D:1)
  2 goblins
  3 hobgoblins (D:1)
  2 jackals (D:1)
  2 kobolds (D:1)
  2 bats (D:1)
  A rat (D:1)
15 creatures vanquished.

Notes
Turn   | Place    | Note
-------+----------+-------------------------------------------
     0 | D:1      | ILmort the Hill Orc Fighter began the quest for the Orb.
     0 | D:1      | Reached XP level 1. HP: 19/19 MP: 1/1
    53 | D:1      | Reached skill level 3 in Axes
    80 | D:1      | Reached XP level 2. HP: 22/26 MP: 2/2
   240 | D:1      | Reached skill level 4 in Axes
   553 | D:2      | Noticed Terence
   570 | D:1      | HP: 1/26 [Terence/+0 mace (1)]
   571 | D:1      | Mangled by Terence

Illustrated notes

Levels and vault maps discovered:
D:1:      giann_forest_graveyard, layout_basic
D:2:      layout_rooms, serial_forest, infiniplex_forest_lined_2,
          infiniplex_forest_straight_4, infiniplex_forest_lined_2,
          infiniplex_forest_lined_4_way, infiniplex_forest_side_room,
          infiniplex_forest_lined_2, infiniplex_forest_lined_corner,
          uniq_terence

Skill      XL: |  1  2 |
---------------+-------+-----
Axes           | 3 4 |  4.4
Fighting       | |  3.6
Armour         | |  3.2
Shields        | |  3.2

Action                   || total
-------------------------++-------
Melee: War axe           ||    53
Armor: Scale mail        ||     9
       Plate armour      ||    39
Dodge: Dodged            ||    22
Block: Buckler           ||    14
